 Dungeon Crawl Stone Soup version 0.27.1-16-g815e20cd7a (webtiles) character file.

Game seed: 14303874558323526682

839 TheCrusader the Cudgeller (level 7, -1/93 HPs)
             Began as a Minotaur Berserker on Nov 22, 2021.
             Was a Priest of Trog.
             Succumbed to a scorpion's poison
             ... on level 5 of the Dungeon.
             The game lasted 00:12:04 (4341 turns).

TheCrusader the Cudgeller (Minotaur Berserker)      Turns: 4341, Time: 00:12:05

Health: -1/93      AC: 19    Str: 29    XL:     7   Next: 67%
Magic:  2/6        EV:  9    Int:  4    God:    Trog [***...]
Gold:   155        SH:  0    Dex: 10    Spells: 6/6 levels left

rFire    . . .     SeeInvis .   q - +1 morningstar (protect)
rCold    . . .     Faith    .   (no shield)
rNeg     . . .     Spirit   +   r - +0 plate armour
rPois    .         Reflect  .   (helmet restricted)
rElec    .         Harm     .   (no cloak)
rCorr    +         Rampage  .   (no gloves)
Will     .....                  (no boots)
Stlth    ..........             k - amulet of guardian spirit
HPRegen  0.25/turn              f - +6 ring of strength
MPRegen  0.10/turn              o - ring of resist corrosion

@: berserking (expiring), lethally poisoned (-1 -> -9), under a protective aura,
very quick
A: horns 2, retaliatory headbutt
a: Renounce Religion, Berserk, Trog's Hand


You were on level 5 of the Dungeon.
You worshipped Trog.
Trog was most pleased with you.
You visited 1 branch of the dungeon, and saw 5 of its levels.

You collected 155 gold pieces.

Inventory:

Hand Weapons
 a - a +0 mace
 i - a +1 flail of protection
 q - a +1 morningstar of protection (weapon)
Armour
 r - a +0 plate armour (worn)
Jewellery
 f - a +6 ring of strength (left hand)
 k - an amulet of guardian spirit (around neck)
 o - a ring of resist corrosion (right hand)
Scrolls
 b - a scroll of blinking {unknown}
 d - a scroll of identify {unknown}
 g - 2 scrolls of teleportation {unknown}
 j - a scroll of fog {unknown}
 m - a scroll of silence {unknown}
Potions
 c - 4 potions of flight {unknown}
 e - 4 potions of curing {unknown}
 h - a potion of brilliance {unknown}
 l - a potion of attraction {unknown}
 n - a potion of might {unknown}
 p - 2 potions of haste {unknown}


   Skills:
 + Level 5.8 Fighting
 + Level 7.4 Maces & Flails
 + Level 5.8 Armour
 + Level 4.2 Dodging


You had 6 spell levels left.
You didn't know any spells.
Your spell library was empty.

Dungeon Overview and Level Annotations

Branches:
Dungeon (5/15)
 Temple: D:4-7

Altars:

Shops:
D:5 *


Innate Abilities, Weirdness & Mutations

You have a pair of horns on your head.
You reflexively headbutt those who attack you in melee.


Message History

You feel very sick.
The scorpion stings you but does no damage. x2
Unknown command.
You sock the water moccasin zombie!
Your headbutt misses the water moccasin zombie.
The water moccasin zombie is severely damaged.
* * * LOW HITPOINT WARNING * * *
You feel very sick.
The water moccasin zombie barely misses you.
You furiously retaliate!
You headbutt the water moccasin zombie.
The scorpion stings you but does no damage. x2
You barely miss the water moccasin zombie.
You headbutt the water moccasin zombie!
The water moccasin zombie is almost destroyed.
* * * LOW HITPOINT WARNING * * *
You feel very sick.
The water moccasin zombie closely misses you.
You furiously retaliate!
You headbutt the water moccasin zombie!
You destroy the water moccasin zombie!
Trog accepts your kill.
The scorpion stings you but does no damage. x2
You barely miss the scorpion.
* * * LOW HITPOINT WARNING * * *
You feel very sick.
The scorpion stings you but does no damage.
You are too berserk!
You sock the scorpion!
The scorpion is severely wounded.
* * * LOW HITPOINT WARNING * * *
You feel sick. The scorpion barely misses you. The scorpion closely misses you.
You barely miss the scorpion. You headbutt the scorpion!
You kill the scorpion!
Trog accepts your kill.
* * * LOW HITPOINT WARNING * * *
You feel sick. The scorpion stings you.
* * * LOW HITPOINT WARNING * * *
You thump the scorpion!
You kill the scorpion!
Trog accepts your kill.
You die...

#.# .# .. .# #.##.#
..#.## #....# ###### ..
###.).)####.(..###
#..####......####.##....
......†.#.######...#....
......)@.......[÷∩......
....###$#.######...#....
. #...# ##.###### ##...#
#.# #..... #.####
###..#.# #....#
#.#..###..<# .##.......#
#####....#


There were no monsters in sight!

Vanquished Creatures
  An orc warrior (D:5)
  A black bear (D:4)
  2 ogres (D:5)
  2 scorpions (D:5)
  A water moccasin zombie (D:5)
  A water moccasin skeleton (D:2)
  A centaur zombie (D:5)
  A centaur skeleton (D:5)
  An orc priest (D:4)
  Terence (D:3)
  An iguana (D:4)
  An orc wizard (D:5)
  A hound zombie (D:5)
  A hound skeleton (D:4)
  3 adders
  A worm (D:2)
  A dart slug (D:4)
  6 orcs
  11 ball pythons
  4 endoplasms
  4 giant cockroaches
  8 goblins
  14 hobgoblins
  14 jackals
  2 quokkas
  2 frilled lizards
  5 kobolds
  6 rats
97 creatures vanquished.

Vanquished Creatures (others)
  4 plants (D:1)
4 creatures vanquished.

Grand Total: 101 creatures vanquished

Notes
Turn   | Place    | Note
-------+----------+-------------------------------------------
     0 | D:1      | TheCrusader the Minotaur Berserker began the quest for the
                  | Orb.
     0 | D:1      | Reached XP level 1. HP: 19/19 MP: 0/0
   302 | D:1      | Reached XP level 2. HP: 19/27 MP: 1/1
   414 | D:1      | Reached skill level 4 in Maces & Flails
   665 | D:1      | Reached ** piety under Trog
   881 | D:2      | Reached XP level 3. HP: 23/34 MP: 2/2
  1156 | D:2      | Reached skill level 5 in Maces & Flails
  1156 | D:2      | Reached XP level 4. HP: 13/41 MP: 3/3
  1966 | D:2      | Found a faded altar of an unknown god.
  2312 | D:3      | Noticed Terence
  2317 | D:3      | Killed Terence
  2318 | D:3      | Reached skill level 5 in Fighting
  2318 | D:3      | Reached XP level 5. HP: 48/48 MP: 4/4
  2580 | D:3      | Reached *** piety under Trog
  3291 | D:4      | Noticed a black bear
  3301 | D:4      | Killed a black bear
  3302 | D:4      | Reached skill level 6 in Maces & Flails
  3302 | D:4      | Reached XP level 6. HP: 45/56 MP: 5/5
  4015 | D:5      | Entered Level 5 of the Dungeon
  4017 | D:5      | Found Axtuylytie's Gadget Gallery.
  4021 | D:5      | Noticed an orc warrior
  4033 | D:5      | Killed an orc warrior
  4211 | D:5      | Reached XP level 7. HP: 50/61 MP: 3/6
  4216 | D:5      | Reached skill level 5 in Armour
  4333 | D:5      | Reached skill level 7 in Maces & Flails
  4340 | D:5      | HP: 3/93 [poisoned by a scorpion]
  4340 | D:5      | HP: 1/93 [scorpion (2)]
  4341 | D:5      | Succumbed to a scorpion's poison

Illustrated notes

Levels and vault maps discovered:
D:1:      eino_arrival_tree_alley, layout_basic
D:2:      layout_basic, hellmonk_ecumenical_altar_arch_garden
D:3:      layout_loops_cross, uniq_terence
D:4:      layout_loops_corners, mrwooster_statue_mirror
D:5:      layout_rooms, temple_fountains, nrook_campfire, serial_park_tiny_pond,
          nicolae_shop_gadgets

Skill      XL: |  1  2  3  4  5  6  7 |
---------------+----------------------+-----
Fighting       | 4 5 |  5.8
Maces & Flails | 4 5 6 7 |  7.4
Dodging        | 3 4 |  4.2
Armour         | 3 4 5 |  5.8

Action                   |  1- 3 |  4- 6 |  7- 9 || total
-------------------------+-------+-------+-------++-------
Melee: Mace              |    78 |    25 |       ||   103
       Headbutt          |    20 |    19 |     8 ||    47
       Flail             |       |    82 |       ||    82
       Morningstar       |       |     5 |    20 ||    25
Invok: Berserk           |     2 |     1 |     1 ||     4
Armor: Animal skin       |     3 |       |       ||     3
       Leather armour    |     4 |     8 |       ||    12
       Scale mail        |       |    43 |       ||    43
       Plate armour      |       |     5 |    25 ||    30
Dodge: Dodged            |    33 |    73 |    18 ||   124
